Pendalf, chaotic male elven Wizard -------------------------------- |...............@)*.o..oo..o...| |...--------.......-----------.| |...| |------.|..| +.| |...| |.....|.|.. |.| |...| -+-|.._..|.-|-- ----.| #-...--+--..|.....|....--+--.(..| #|..........| ...|........)....| +........{.----|--.{..)........| |.........................%....| |...-+---...........-+--+---...| |...| --------.---- |...| |...| +.+ |.... |...| |.| ---- |...| |...-----+------.----..-----...| |..............................| -------------------------------- Pendalf the Thaumaturge Experience level: 6 Strength: 10 Dexterity: 9 Constitution: 12 Intelligence: 20 Wisdom: 11 Charisma: 12 Health: 36(47) Energy: 63(82) Def: -1 Gold: 223 Moves: 2740 Dungeon seed: Slm2P9Jps33CeQ88 Game ID: Pendalf_1556891927 Your Inventory: Coins $ - 223 gold pieces Weapons a - a blessed +1 quarterstaff (weapon in hands) t - 5 +0 daggers (in quiver) z - a blessed +1 dagger Armor e - an uncursed +0 cloak of magic resistance q - a cursed +0 dwarvish iron helm (being worn) r - a cursed -5 pair of iron shoes (being worn) N - an uncursed +0 elven mithril-coat Y - an uncursed +0 orcish helm Comestibles p - an uncursed food ration v - an uncursed orange B - an uncursed tripe ration K - an uncursed pancake Scrolls i - an uncursed scroll of identify j - an uncursed scroll of charging k - an uncursed scroll of magic mapping F - 3 uncursed scrolls of blank paper G - a cursed scroll of blank paper Wands b - a wand of create monster (0:14) x - a wand of digging (0:6) Tools n - an uncursed blindfold L - an uncursed wax candle (0:400) M - a cursed wax candle (0:400) O - an uncursed tallow candle (0:200) Gems y - an uncursed agate stone Spells and supernatural/magical abilities: Name Level Category Fail Memory a - force bolt 1 attack 3% 87% E - detect food 2 divination 58% 87% W - pray for help -- divine ? -- Your skills at the end: Fighting Skills Weapon Skills dagger [Basic] quarterstaff [Basic] Spellcasting Skills attack spells [Basic] enchantment spells [Basic] Final Attributes: You were piously aligned. You were sleep resistant. You had infravision. You are dead. Vanquished creatures: 2 Uruk-hai a rock mole a pony 2 gnome lords 2 gnomish wizards a gray ooze a straw golem a paper golem 2 dwarves a giant bat an iguana a gas spore 2 hobbits a large kobold a giant rat a yellow mold 2 red molds 11 gnomes 2 geckos a jackal a fox a goblin 2 sewer rats 2 grid bugs 2 lichens 2 kobold zombies 7 newts 54 creatures vanquished. Voluntary challenges: You used a wielded weapon 54 times, starting on turn 1. You were illiterate. You never genocided any monsters. You never polymorphed an object. You never changed form. You used no wishes. You never split a pudding. You never wrote Elbereth's name. You never violated your personal moral code. Dungeon overview: The Dungeons of Doom: levels 1 to 4 Level 1 a long staircase Level 2 Level 3 Level 4 a scroll shop, a fountain stairs to The Gnomish Mines The Gnomish Mines: levels 5 to 7 Level 5 stairs to The Dungeons of Doom Level 7 <- You were here a temple to Ptah, some fountains History has recorded: On T:1 you entered the Dungeons of Doom to retrieve the Amulet of Yendor! On T:343 you reached level 2 of The Dungeons of Doom. On T:375 you reached level 3 of The Dungeons of Doom. On T:733 you advanced to experience level 2. On T:1138 you advanced to experience level 3. On T:1151 you reached level 4 of The Dungeons of Doom. On T:1172 you reached level 1 of The Gnomish Mines. On T:1218 you advanced to experience level 4. On T:1526 you advanced to experience level 5. On T:2517 you reached level 3 of The Gnomish Mines. On T:2613 you advanced to experience level 6. Score breakdown: Gold: 223 ( 7994 points) Experience: 6 levels (12456 points) Exploration: 7 levels ( 14.00%) (10497 points) Discoveries: 2 items ( 0.72%) ( 2553 points) Valuables value: (no points given unless you survive) Artifact value: 0 ( 0 points) Variety of kills: 27 monsters ( 7.09%) ( 7986 points) Turncount: 2740 turns ( -466 points) Survival: died (score multiplied by 80%) Total score: 32816 Latest messages: Hello Pendalf, the elven Wizard, welcome back to NetHack! Be careful! New moon tonight. The Uruk-hai shoots a poisoned crude arrow! You are hit by a poisoned crude arrow. The spell hits the Uruk-hai! You kill the Uruk-hai! The Uruk-hai shoots 2 poisoned crude arrows! The 1st poisoned crude arrow misses the Uruk-hai. You are hit by the 1st poisoned crude arrow. You feel weaker! The 2nd poisoned crude arrow misses the Uruk-hai. You are hit by the 2nd poisoned crude arrow. The poison was deadly... Final status: Goodbye Pendalf the Wizard, poisoned by an orcish arrow... You were poisoned in The Gnomish Mines on dungeon level 7 with 32816 points, and 223 pieces of gold, after 2740 moves. You were level 6 with a maximum of 47 hit points when you were poisoned.